 Dungeon Crawl Stone Soup version 0.19.5 (webtiles) character file.

25118 Kosschaser the Brawler (level 12, -4/115 HPs)
             Began as a Troll Berserker on May 25, 2017.
             Was a High Priest of Trog.
             Slain by a troll (7 damage)
             ... on level 1 of the Orcish Mines.
             The game lasted 00:50:17 (11157 turns).

Kosschaser the Brawler (Troll Berserker)           Turns: 11157, Time: 00:50:18

Health: -4/115     AC: 11    Str: 32    XL:     12   Next: 86%
Magic:  11/11      EV: 13    Int:  3    God:    Trog [*****.]
Gold:   1083       SH:  0    Dex:  9    Spells: 0 memorised, 11 levels left

rFire  + . .     SeeInvis .       - Unarmed
rCold  . . .     Gourm    +     a - +0 troll leather armour
rNeg   . . .     Faith    .     (no shield)
rPois  .         Spirit   .     r - +2 hat
rElec  .         Reflect  .     g - +0 cloak
rCorr  .         Harm     .     (gloves unavailable)
MR     .....                    (boots unavailable)
Stlth  ++........               (no amulet)
                                (no ring)
                                m - ring of protection from fire

@: exhausted, slowed, very slow
A: unfitting armour, claws 3, fast metabolism 3, gourmand, regeneration 1,
shaggy fur 1, tough skin 2
a: Berserk, Trog's Hand, Brothers in Arms, Burn Spellbooks, Renounce Religion


You were on level 1 of the Orcish Mines.
You worshipped Trog.
Trog was extremely pleased with you.
You were full.

You visited 2 branches of the dungeon, and saw 13 of its levels.

You collected 1083 gold pieces.

Inventory:

Armour
 a - a +0 troll leather armour (worn)
 g - a +0 cloak (worn)
 r - a +2 hat (worn)
Jewellery
 m - a ring of protection from fire (left claw)
Wands
 i - a wand of acid (9/15)
 x - a wand of confusion (23/48)
 y - a wand of teleportation (4/9)
 E - a wand of iceblast (3/15)
 F - a wand of slowing (13/48)
 M - a wand of teleportation (6/9)
 N - a wand of teleportation (3/9)
Scrolls
 d - a scroll of holy word {unknown}
 e - 2 scrolls of blinking
 j - 3 scrolls of recharging
 k - 4 scrolls of teleportation
 n - 4 scrolls of fog {unknown}
 u - 5 scrolls of remove curse
 C - 2 scrolls of fear
 D - a scroll of vulnerability {unknown}
 K - 2 scrolls of immolation {unknown}
Potions
 c - 4 potions of brilliance
 f - 3 potions of curing
 l - a potion of berserk rage {unknown}
 o - 4 potions of flight {unknown}
 p - 2 potions of resistance {unknown}
 t - a potion of agility {unknown}
 w - 2 potions of mutation {unknown}
 z - a potion of ambrosia {unknown}
 A - 2 potions of heal wounds {unknown}
 B - 3 potions of might {unknown}
 G - 2 potions of lignification {unknown}
Miscellaneous
 I - a box of beasts
Comestibles
 b - 9 bread rations
 h - 5 meat rations
 q - a slice of pizza
 v - 10 beef jerkies
 H - a royal jelly


   Skills:
 + Level 6.6 Fighting
 + Level 5.0 Armour
 + Level 8.2 Dodging
 + Level 2.8 Stealth
 + Level 16.1 Unarmed Combat


You had 11 spell levels left.
You didn't know any spells.

Dungeon Overview and Level Annotations

Branches:
Dungeon (11/15)            Temple (0/1) D:6             Orc (2/2) D:11
    Elf (0/3) Orc:2
   Lair: D:8-11

Altars:
Trog
Beogh

Shops:
Orc:1 =   Orc:2 *[:(

Portals:
Trove: D:10 (give 2 scrolls of acquirement)


Innate Abilities, Weirdness & Mutations

You are too large for most types of armour.
You have claws for hands.
Your metabolism is lightning-fast.
You like to eat raw meat.
Your natural rate of healing is unusually fast.
You are covered in fur. (AC +1)
You have very tough skin. (AC +2)


Message History

The troll closely misses you. The troll barely misses you.
The troll closely misses you. The orc closely misses you.
The orc knight roars a battlecry!
The orc goes into a battle-frenzy!
The troll bites you.
* * * LOW HITPOINT WARNING * * *
The troll claws you but does no damage. The troll claws you!
* * * LOW HITPOINT WARNING * * *
You feel better. The troll closely misses you. The troll claws you!
* * * LOW HITPOINT WARNING * * *
The troll completely misses you. The orc misses you.
You feel better. The troll bites you but does no damage.
The troll claws you but does no damage. The troll claws you!
* * * LOW HITPOINT WARNING * * *
The orc hits you with a mace.
* * * LOW HITPOINT WARNING * * *
The orc knight hits you with a war axe.
* * * LOW HITPOINT WARNING * * *
The troll bites you!
You die...

##......##..#.....
##.#................
......#............
#..............#.>.
...#.$............
...........#......
##$......)[)......
##.@o.....)))......
##..To....)$>)......
#.......$)..........
##.#.....)).........
##.......#.......$.
#........#........
##................
#.............#...
##.......#$#...$..


You could see an orc knight, a troll and an orc.

Vanquished Creatures
  Gastronok (Orc:1)
  The ghost of wewlad1 the Basher, a journeyman MiFi of Okawaru (Orc:2)
  3 orc high priests (Orc:2)
  The ghost of toffzen the Fighter, a novice MiFi (D:8)
  Sonja (D:10)
  4 hill giants
  2 orc knights (Orc:2)
  3 orc sorcerers (Orc:2)
  Psyche (D:10)
  4 trolls
  4 two-headed ogres
  3 hippogriffs
  Grinder (D:6)
  A wyvern (D:8)
  A steam dragon (D:9)
  A hungry ghost (D:7)
  6 wargs
  Duvessa (D:6)
  A water moccasin (D:10)
  2 ice beasts
  31 orc warriors
  2 phantoms
  A necrophage (D:8)
  A centaur (shapeshifter) (D:11)
  10 ogres
  7 centaurs
  A crocodile (D:10)
  3 big kobolds
  3 bullfrogs
  Dowan (D:6)
  6 scorpions
  A wyvern skeleton (D:10)
  6 killer bees (D:9)
  3 howler monkeys
  3 wights (D:10)
  4 jellies
  4 crimson imps
  A bullfrog zombie (D:9)
  A quasit (D:8)
  6 hounds
  32 orc priests
  2 bullfrog skeletons
  2 iguanas
  3 worker ants
  17 orc wizards
  A killer bee zombie (D:9)
  A hound zombie (D:9)
  3 hound skeletons
  A worker ant zombie (D:8)
  2 gnolls (Orc:1)
  A howler monkey skeleton (D:7)
  8 adders
  A shadow imp (D:5)
  An ooze (D:2)
  An adder skeleton (D:7)
  4 worms
  2 dart slugs (D:2)
  2 leopard geckos
  103 orcs
  5 giant cockroaches
  7 goblins
  9 hobgoblins
  6 jackals
  6 quokkas
  A ball python skeleton (D:6)
  5 bats
  3 frilled lizards
  31 kobolds
  A leopard gecko skeleton (D:4)
  2 quokka zombies (D:7)
  9 rats
409 creatures vanquished.

Vanquished Creatures (collateral kills)
  Saint Roka (Orc:2)
  An orc high priest (Orc:2)
  An orc knight (Orc:2)
  2 orc sorcerers (Orc:2)
  A warg (Orc:2)
  5 orc warriors (Orc:2)
  3 ogres
  A gnoll sergeant (Orc:1)
  2 orc priests (Orc:2)
  3 orc wizards
  A gnoll (Orc:1)
  6 orcs
27 creatures vanquished.

Grand Total: 436 creatures vanquished

Notes
Turn   | Place    | Note
-------+----------+-------------------------------------------
     0 | D:1      | Kosschaser the Troll Berserker began the quest for the Orb.
     0 | D:1      | Reached XP level 1. HP: 22/22 MP: 0/0
   459 | D:1      | Reached XP level 2. HP: 20/29 MP: 1/1
  1389 | D:2      | Reached XP level 3. HP: 35/36 MP: 2/2
  1397 | D:2      | Reached ** piety under Trog
  2181 | D:3      | Reached skill level 4 in Unarmed Combat
  2181 | D:3      | Reached XP level 4. HP: 43/44 MP: 3/3
  2607 | D:4      | Reached XP level 5. HP: 24/52 MP: 4/4
  2694 | D:4      | Reached skill level 5 in Unarmed Combat
  2707 | D:4      | Reached XP level 6. HP: 49/61 MP: 5/5
  2777 | D:4      | Reached *** piety under Trog
  2971 | D:4      | Reached skill level 6 in Unarmed Combat
  3140 | D:5      | Entered Level 5 of the Dungeon
  3165 | D:5      | Reached XP level 7. HP: 63/67 MP: 6/6
  3792 | D:6      | Found a staircase to the Ecumenical Temple.
  3951 | D:6      | Noticed a hippogriff
  3960 | D:6      | Killed a hippogriff
  3960 | D:6      | Reached skill level 1 in Stealth
  3960 | D:6      | Reached skill level 7 in Unarmed Combat
  4057 | D:6      | Noticed Grinder
  4072 | D:6      | Killed Grinder
  4072 | D:6      | Reached XP level 8. HP: 64/75 MP: 7/7
  4079 | D:6      | Reached skill level 8 in Unarmed Combat
  4132 | D:6      | Noticed Duvessa
  4145 | D:6      | Killed Duvessa
  4160 | D:6      | Noticed Dowan
  4169 | D:6      | Killed Dowan
  4354 | D:7      | Reached skill level 5 in Dodging
  4669 | D:7      | Reached skill level 9 in Unarmed Combat
  5029 | D:7      | Reached XP level 9. HP: 84/84 MP: 8/8
  5031 | D:7      | Reached **** piety under Trog
  5241 | D:8      | Noticed toffzen's ghost (novice MiFi)
  5251 | D:8      | Killed toffzen's ghost
  5251 | D:8      | Reached skill level 10 in Unarmed Combat
  6020 | D:9      | Reached skill level 11 in Unarmed Combat
  6244 | D:9      | Reached skill level 5 in Fighting
  6253 | D:9      | Reached XP level 10. HP: 19/96 MP: 9/9
  7088 | D:10     | Entered Level 10 of the Dungeon
  7104 | D:10     | Reached skill level 1 in Armour
  7159 | D:10     | Reached skill level 12 in Unarmed Combat
  7208 | D:10     | Found a portal to a secret trove of treasure.
  7290 | D:10     | Reached ***** piety under Trog
  7298 | D:10     | Noticed Sonja
  7316 | D:10     | HP: 4/96 [asphyx]
  7318 | D:10     | Found a bloodstained altar of Trog.
  7475 | D:10     | Noticed a hill giant
  7488 | D:10     | Killed a hill giant
  7574 | D:10     | Killed Sonja
  7750 | D:10     | Noticed a hill giant
  7761 | D:10     | Killed a hill giant
  8134 | D:10     | Noticed Psyche
  8139 | D:10     | Killed Psyche
  8186 | D:10     | Noticed a hill giant
  8194 | D:10     | Killed a hill giant
  8194 | D:10     | Reached XP level 11. HP: 85/104 MP: 10/10
  8340 | D:11     | Noticed a hill giant
  8350 | D:11     | Killed a hill giant
  8383 | D:11     | Found a bloodstained altar of Trog.
  8438 | D:11     | Found a staircase to the Orcish Mines.
  8443 | D:11     | Reached skill level 13 in Unarmed Combat
  8576 | Orc:1    | Entered Level 1 of the Orcish Mines
  8576 | Orc:1    | Found Wuatuokh's Jewellery Emporium.
  8576 | Orc:1    | Noticed Gastronok
  8613 | Orc:1    | Killed Gastronok
  8826 | Orc:2    | Entered Level 2 of the Orcish Mines
  9013 | Orc:2    | Reached skill level 14 in Unarmed Combat
  9063 | Orc:1    | Noticed an orc knight
  9186 | Orc:2    | Found a roughly hewn altar of Beogh.
  9272 | Orc:2    | Noticed an orc sorcerer
  9272 | Orc:2    | Noticed an orc knight
  9279 | Orc:2    | Received a gift from Trog
  9288 | Orc:2    | Killed an orc knight
  9291 | Orc:2    | Killed an orc sorcerer
  9342 | Orc:2    | Noticed an orc knight
  9343 | Orc:2    | Found Joedwuil's Weapon Emporium.
  9372 | Orc:2    | Killed an orc knight
  9392 | Orc:2    | Found Daqaex's Book Shoppe.
  9392 | Orc:2    | Noticed an orc knight
  9419 | Orc:2    | Killed an orc knight
  9521 | Orc:2    | Reached XP level 12. HP: 109/114 MP: 11/11
  9556 | Orc:2    | Noticed wewlad1's ghost (journeyman MiFi)
  9569 | Orc:2    | Killed wewlad1's ghost
  9673 | Orc:2    | Found Desykuk's Antique Armour Shop.
  9674 | Orc:2    | Noticed an orc high priest
  9684 | Orc:2    | Killed an orc high priest
  9762 | Orc:2    | Reached skill level 15 in Unarmed Combat
  9764 | Orc:2    | Noticed Saint Roka
  9785 | Orc:2    | Killed Saint Roka
  9788 | Orc:2    | Received a gift from Trog
  9861 | Orc:2    | Found a roughly hewn altar of Beogh.
  9889 | Orc:2    | Noticed an orc high priest
  9902 | Orc:2    | Killed an orc high priest
 10029 | Orc:2    | Noticed an orc high priest
 10043 | Orc:2    | Killed an orc high priest
 10367 | Orc:2    | Found a staircase to the Elven Halls.
 10431 | Orc:2    | Reached skill level 5 in Armour
 10781 | Orc:2    | Found Ejol's General Store.
 10782 | Orc:2    | Noticed an orc high priest
 10793 | Orc:2    | Killed an orc high priest
 10793 | Orc:2    | Reached skill level 16 in Unarmed Combat
 10797 | Orc:2    | HP: 5/115 [orc warrior/dire flail (12)]
 11153 | Orc:1    | HP: 3/115 [troll (7)]
 11157 | Orc:1    | Slain by a troll

Skill      XL: |  1  2  3  4  5  6  7  8  9 10 11 12 |
---------------+-------------------------------------+-----
Dodging        | 3 4 5 6 7 8 |  8.2
Unarmed Combat | 4 5 6 7 9 11 12 14 16 | 16.1
Fighting       | 3 4 5 6 |  6.6
Stealth        | 1 2 |  2.8
Armour         | 3 4 5 |  5.0

Action                   |  1- 3 |  4- 6 |  7- 9 | 10-12 || total
-------------------------+-------+-------+-------+-------++-------
Melee: Unarmed           |    87 |   137 |   252 |   683 ||  1159
       Punch             |     1 |     2 |     8 |    46 ||    57
Invok: Berserk           |       |     2 |     5 |     8 ||    15
       Trog's Hand       |       |       |     1 |    12 ||    13
       Burn Spellbooks   |       |       |     1 |     1 ||     2
       Brothers in Arms  |       |       |       |     4 ||     4
  Use: Scroll            |       |     1 |       |    12 ||    13
       Potion            |       |       |       |     5 ||     5
 Stab: Sleeping          |     2 |       |     3 |     5 ||    10
       Invisible         |       |       |       |     1 ||     1
  Eat: Chunk             |    20 |    14 |    26 |    58 ||   118
       Bread ration      |       |       |     2 |       ||     2
       Pizza             |       |       |     1 |       ||     1
Armor: Animal skin       |    33 |       |       |       ||    33
       Robe              |     3 |    34 |    78 |     3 ||   118
       Troll leather arm |       |       |       |   212 ||   212
Dodge: Dodged            |    48 |    92 |   126 |   436 ||   702
